Cogmind - Beta 15 @@@ ROGUE MODE // 2025.07.15 @ 23:01:43 Player: Triffids Result: Self-destructed Performance ------------- Evolutions (2) 1000 Regions Visited (3) 600 Robots Destroyed (44) 220 Value Destroyed (1136) 1136 Prototype IDs (4) 80 Alien Tech Used (0) 0 Bonus (0) 0 TOTAL SCORE: 3036 Bonus ------- None Cogmind --------- Core Integrity 462/550 Matter 300/300 Energy 240/240 System Corruption 1% Temperature Warm (170) Movement Walking (120) Location -8/Materials Parts ------- > --- POWER (1) -------- Nuclear Core > --- PROPULSION (4) --- Aluminum Leg Aluminum Leg Carbon-fiber Leg Carbon-fiber Leg > --- UTILITY (4) ------ Improved Signal Interpreter Terrain Scan Processor Hardened Light Armor Plating > --- WEAPON (2) ------- Particle Cannon Improved Light Cannon > --- INVENTORY (5) ---- Deuterium Engine Sensor Array Pulse Rifle Particle Cannon Rocket Launcher Peak State ------------ > --- POWER ------------ Nuclear Core > --- PROPULSION ------- Aluminum Leg Aluminum Leg Carbon-fiber Leg Carbon-fiber Leg > --- UTILITY ---------- Improved Signal Interpreter Terrain Scanner Terrain Scan Processor Hardened Light Armor Plating > --- WEAPON ----------- Particle Cannon Improved Light Cannon > --- INVENTORY -------- Deuterium Engine Sensor Array Pulse Rifle Particle Cannon Rocket Launcher [Rating: 24] Favorites ----------- Power Reinforced Ion Engine Engine Reinforced Ion Engine Power Core Nuclear Core Propulsion Aluminum Leg Leg Aluminum Leg Utility Heat Sink Device Heat Sink Storage Small Storage Unit Processor Terrain Scan Processor Protection Light Armor Plating Weapon Improved Light Cannon Energy Gun Small Laser Energy Cannon Beam Cannon Ballistic Gun Assault Rifle Ballistic Cannon Improved Light Cannon Special Weapon Welding Torch Build | -11 -10 -9 -8 ------- Run | Yrd Mat Mat Mat Slots Evolved 4 | . . 2 2 Power . | . . . . Propulsion 2 | . . . 2 Utility 2 | . . 2 . Weapon . | . . . . Parts Attached 30 | 7 4 13 6 Power 4 | 1 . 2 1 Engine 3 | 1 . 2 . Core 1 | . . . 1 Reactor . | . . . . Propulsion 6 | 2 1 1 2 Treads . | . . . . Leg 6 | 2 1 1 2 Wheel . | . . . . Hover . | . . . . Flight . | . . . . Utility 11 | 2 . 7 2 Device 5 | 1 . 4 . Storage 1 | 1 . . . Processor 2 | . . 1 1 Hackware . | . . . . Protection 3 | . . 2 1 Artifact . | . . . . Weapon 9 | 2 3 3 1 Energy Gun 1 | 1 . . . Energy Cannon 3 | . 2 1 . Ballistic Gun 1 | 1 . . . Ballistic Cannon 3 | . . 2 1 Launcher . | . . . . Special Weapon 1 | . 1 . . Impact Weapon . | . . . . Slashing Weapon . | . . . . Piercing Weapon . | . . . . Special Melee Weapon . | . . . . Unidentified Prototypes . | . . . . Parts Lost 4 | . . 2 2 Power . | . . . . Propulsion 2 | . . 1 1 Utility 1 | . . . 1 Weapon 1 | . . 1 . Highest Loss Streak 1 | . . 1 1 To Critical Strikes . | . . . . Average Backups 5 | 2 6 5 4 Power 1 | . 1 1 1 Propulsion . | . 1 1 . Utility 1 | . 1 1 1 Weapon 1 | 1 1 1 2 Tool/Special . | . . . . Unused Backups 11 | . 2 3 6 Power 4 | . 1 1 2 Propulsion . | . . . . Utility 1 | . . . 1 Weapon 6 | . 1 2 3 Tool/Special . | . . . . Average Slot Usage (%) 95 | . 99 99 83 Engine 10 | . 14 11 8 Leg 23 | . 27 22 20 Device 19 | . 14 26 14 Storage 4 | . 14 . . Processor 6 | . . 6 11 Protection 7 | . . 10 9 Energy Gun 1 | . 6 . . Energy Cannon 11 | . 10 13 9 Ballistic Gun 3 | . 11 . . Ballistic Cannon 6 | . . 7 9 Peak Build Rating 24 | 7 7 13 24 Average Rating 11 | 5 6 11 15 On Entrance 6 | . 7 7 13 Naked Turns . | . . . . Heaviest Build 25 | 14 17 23 25 Greatest Support 50 | 20 20 20 50 Greatest Overweight (x) 1 | . 1 1 1 Average Overweight (x) . | . . . . Largest Inventory Capacity 8 | 8 8 8 5 Average Capacity 5 | 7 8 5 5 Most Carried 8 | 5 8 7 5 Average Carried 5 | 2 6 4 4 Final Capacity 8 | 8 8 5 5 Final Carried 8 | 3 8 5 5 Class Distribution -------------------- 53% | Scavenger-Mutant 46% | Mutant Dominant Class ---------------- Mutant | -10/Materials Scavenger-Mutant | -9/Materials Scavenger-Mutant | -8/Materials Resources | -11 -10 -9 -8 ----------- Run | Yrd Mat Mat Mat Matter Collected 822 | 306 96 211 209 Remotely . | . . . . Salvage Created 1552 | 106 293 623 530 Parts 89 | 12 15 43 19 Haulers Intercepted 1 | . . 1 . Recyclers Shooed 1 | . . . 1 Parts Field Recycled . | . . . . Retrieved Matter . | . . . . Parts Self-Destructed . | . . . . Prevented . | . . . . Kills | -11 -10 -9 -8 ------- Run | Yrd Mat Mat Mat Combat Hostiles Destroyed 27 | . 4 15 8 Guns 2 | . 2 . . Cannons 24 | . 2 15 7 Classes Destroyed 12 | 1 4 6 1 Worker 1 | . . 1 . Builder 1 | . 1 . . Tunneler 6 | 5 . 1 . Hauler 1 | . . 1 . Recycler 3 | . 1 . 2 Operator 1 | . . 1 . Watcher 4 | . 2 2 . Swarmer 5 | . . 5 . Grunt 14 | . 4 5 5 Brawler 1 | . . 1 . Sentry 6 | . . 4 2 Hunter 1 | . . . 1 Best Kill Streak 4 | 2 3 4 4 Combat Bots Only 4 | . 2 4 3 Max Kills in Single Turn 1 | 1 1 1 1 Gunslinging . | . . . . Exploded . | . . . . Melee . | . . . . Uniques/NPCs Destroyed . | . . . . Combat | -11 -10 -9 -8 -------- Run | Yrd Mat Mat Mat Hostile Shots Fired 144 | . 17 83 44 Missed 46 | . 9 25 12 Hits 98 | . 8 58 32 Projectile 98 | . 8 58 32 Critical Strikes 3 | . . 1 2 Damage Taken 1214 | . 98 608 508 Core 180 | . 39 53 88 Absorbed by Shields . | . . . . Core Remaining (%) 90 | 100 84 86 . Volleys Fired 110 | 12 24 44 30 Largest 2 | 2 2 2 2 Hottest 120 | 60 80 120 101 Shots Fired 214 | 24 46 85 59 Gun 56 | 24 32 . . Cannon 156 | . 12 85 59 Launcher . | . . . . Special 2 | . 2 . . Kinetic 81 | 12 22 18 29 Thermal 133 | 12 24 67 30 Explosive . | . . . . Electromagnetic . | . . . . Robot Hit Streak 19 | 8 7 19 10 Robot Miss Streak 5 | 3 3 5 3 Penetration Max . | . . . . Secondary Targets . | . . . . Shots Hit Robots 131 | 14 26 53 38 Core Hits 58 | 5 11 24 18 Critical Kills 1 | . . . 1 Critical Parts Destroyed . | . . . . Critical Strikes 2 | . . . 2 Meltdown 1 | . . . 1 Blast 1 | . . . 1 Melee Attacks . | . . . . Impact . | . . . . Slashing . | . . . . Piercing . | . . . . Sneak Attacks . | . . . . Combat Hostiles . | . . . . Follow-up Attacks . | . . . . Damage Inflicted 2528 | 171 386 1044 927 Guns 396 | 171 225 . . Cannons 2132 | . 161 1044 927 Explosions . | . . . . Melee . | . . . . Ramming . | . . . . Kinetic 957 | 97 145 242 473 Thermal 1571 | 74 241 802 454 Explosive . | . . . . Electromagnetic . | . . . . Impact . | . . . . Slashing . | . . . . Piercing . | . . . . Highest Corruption 1 | . . . 1 Average Corruption 1 | . . . 1 Corruption Purged . | . . . . Corruption Blocked . | . . . . Effects 4 | . . . 4 Message Errors 1 | . . . 1 Matter Fused 2 | . . . 2 Weapon Failures 1 | . . . 1 Overload Shots . | . . . . Overflow Damage 21 | . . 8 13 Projectiles 21 | . . 8 13 Explosions . | . . . . Melee . | . . . . Knockbacks 8 | . . 1 7 Impact . | . . . . Kinetic 7 | . . 1 6 Secondary 1 | . . . 1 Self-Inflicted Damage . | . . . . Shots . | . . . . Rammed . | . . . . Targets Rammed . | . . . . Kicked . | . . . . Crushed . | . . . . Highest Temperature 318 | . 132 318 309 Average Temperature 87 | . 41 83 114 Received Heat Transfer 516 | . 54 183 279 Siege Activations . | . . . . Martial Activations . | . . . . Shielding Activations . | . . . . Robots Disrupted . | . . . . Combat Hostiles . | . . . . Robots Corrupted . | . . . . Combat Hostiles . | . . . . Parts Fried . | . . . . Impact Corruptions . | . . . . Robots Melted 1 | . . . 1 Combat Hostiles 1 | . . . 1 Parts Melted 6 | . . 5 1 Heat Transferred 3125 | 175 508 1628 814 Parts Sabotaged . | . . . . Parts Stolen . | . . . . Parts Stripped . | . . . . Power Chain Reactions . | . . . . Alert | -11 -10 -9 -8 ------- Run | Yrd Mat Mat Mat Maximum Alert Level . | . . . . Low Security (%) 100 | 100 100 100 100 Level 1 . | . . . . Level 2 . | . . . . Level 3 . | . . . . Level 4 . | . . . . Level 5 . | . . . . High Security . | . . . . Max Security . | . . . . Peak Influence 132 | 10 54 132 81 Initial 25 | . . . 25 Average 37 | 1 13 66 21 Influence Increases 865 | 25 160 458 222 Destroy 0b10 Robot/C 540 | . 80 300 160 Destroy 0b10 Robot/NC 85 | 25 20 30 10 Destroy Leader 140 | . 24 76 40 Successful Hack 63 | . 34 19 10 Disable Machine 30 | . . 30 . Destroy Structure 7 | . 2 3 2 Influence Decreases 805 | 25 160 397 223 Entered New Map 36 | . . . 36 Time Decay 734 | 25 160 377 172 Lost Part 35 | . . 20 15 Squads Dispatched 4 | . 1 1 2 Investigation 1 | . . . 1 Extermination . | . . . . Reinforcement 3 | . 1 1 1 Assault . | . . . . Garrison . | . . . . Intercept . | . . . . Searches Triggered . | . . . . Construction Impeded . | . . . . Haulers Reinforced . | . . . . Active Scanning Responses . | . . . . Cargo Convoy Interrupts . | . . . . Stealth | -11 -10 -9 -8 --------- Run | Yrd Mat Mat Mat Distress Signals 1 | . . 1 . Communications Jammed . | . . . . Distress Signals . | . . . . Times Spotted 50 | . 10 26 14 Peak Tracking Total 5 | . 3 5 5 Tactical Retreats . | . . . . Traps | -11 -10 -9 -8 ------- Run | Yrd Mat Mat Mat Traps Triggered 3 | . 1 . 2 Indirectly . | . . . . Trap Hack Attempts . | . . . . Triggered . | . . . . Disarmed . | . . . . Reprogrammed . | . . . . Reused . | . . . . Traps Extracted . | . . . . Installed . | . . . . Triggered . | . . . . Machines | -11 -10 -9 -8 ---------- Run | Yrd Mat Mat Mat Machines Disabled 2 | . . 2 . Max in Single Turn 1 | . . 1 . Machines Repaired . | . . . . Machines Dismantled . | . . . . Machines Sabotaged . | . . . . Overloaded Fab Kills . | . . . . Hacking | -11 -10 -9 -8 --------- Run | Yrd Mat Mat Mat Machines Accessed 10 | . 3 5 2 Terminals 10 | . 3 5 2 Fabricators . | . . . . Repair Stations . | . . . . Recycling Units . | . . . . Scanalyzers . | . . . . Garrison Access . | . . . . Total Hacks 36 | . 12 17 7 Successful 18 | . 8 7 3 Failed 18 | . 4 10 4 Catastrophic 2 | . . 1 1 Database Lockouts . | . . . . Manual 22 | . 10 8 4 Terminals 36 | . 12 17 7 Fabricators . | . . . . Repair Stations . | . . . . Recycling Units . | . . . . Scanalyzers . | . . . . Garrison Access . | . . . . Terminal Hacks 8 | . 3 3 2 Robot Analysis 2 | . 1 1 . Prototype ID Bank 2 | . . 1 1 Branch Access Points 1 | . 1 . . Emergency Access Points 1 | . . . 1 Terminal Index 1 | . . 1 . Locate Traps 1 | . 1 . . Fabricator Hacks . | . . . . Repair Station Hacks . | . . . . Recycling Unit Hacks . | . . . . Scanalyzer . | . . . . Garrison Access Hacks . | . . . . Unauthorized Hacks 10 | . 5 4 1 Terminals 10 | . 5 4 1 Track 1 | . 1 . . Assimilate 2 | . 1 1 . Botnet 6 | . 2 3 1 Disrupt 1 | . 1 . . Fabricators . | . . . . Repair Stations . | . . . . Recycling Units . | . . . . Scanalyzers . | . . . . Garrison Access . | . . . . Data Cores Recovered 1 | . . 1 . Used . | . . . . Hacking Detections 10 | . 3 5 2 Full Trace Events . | . . . . Feedback Events . | . . . . Feedback Blocked . | . . . . Robot Schematics Acquired . | . . . . Robots Built . | . . . . Authchips . | . . . . Time . | . . . . Total Robot Build Rating . | . . . . Part Schematics Acquired . | . . . . Parts Built . | . . . . Authchips . | . . . . Time . | . . . . Total Part Build Rating . | . . . . Parts Repaired . | . . . . Time . | . . . . Parts Recycled . | . . . . Recycled Matter . | . . . . Retrieved Matter . | . . . . Retrieved Components . | . . . . Parts Scanalyzed . | . . . . Part Schematics Acquired . | . . . . Parts Damaged . | . . . . Bothacking | -11 -10 -9 -8 ------------ Run | Yrd Mat Mat Mat Used RIF Installer . | . . . . Robots Hacked . | . . . . Non-combat . | . . . . Combat . | . . . . Robot Hacks Applied . | . . . . Relay Couplers Released . | . . . . Fabnet Peak Effective % . | . . . . Robots Rewired . | . . . . Allies Hacked . | . . . . Hacks Repelled . | . . . . Allies | -11 -10 -9 -8 -------- Run | Yrd Mat Mat Mat Total Allies . | . . . . Largest Group . | . . . . Highest-Rated Group . | . . . . Highest-Rated Ally . | . . . . Total Orders . | . . . . Ally Attacks . | . . . . Total Damage . | . . . . Kills . | . . . . Allies Corrupted . | . . . . Allies Melted . | . . . . Intel | -11 -10 -9 -8 ------- Run | Yrd Mat Mat Mat Active Infowar (turns) 1983 | 2 519 912 550 Terrain 1112 | . . 562 550 Structural 348 | . . 348 . Seismic 870 | 2 519 349 . Robot Analysis Total 2 | . 1 1 . Derelict Logs Recovered . | . . . . Drone Launches . | . . . . Drone Recoveries . | . . . . Exploration | -11 -10 -9 -8 ------------- Run | Yrd Mat Mat Mat Turns Passed 2165 | 143 519 926 577 Spaces Moved 1109 | 83 337 421 268 Core 16 | 16 . . . Treads . | . . . . Legs 1093 | 67 337 421 268 Wheels . | . . . . Hover . | . . . . Flight . | . . . . Fastest Speed 50 | 50 120 120 120 Average Speed 153 | 106 120 176 172 Slowest Speed 190 | 120 190 190 190 Overloaded Moves . | . . . . Propulsion Burnouts . | . . . . Robots Hopped . | . . . . Potential Cave-ins . | . . . . Cave-ins Triggered . | . . . . Exploration Rate (%) 28 | 6 49 33 25 Regions Visited 3 Branch Regions . Pre-discovered Areas . | . . . . Known Exits Taken . | . . . . Unknown Exits Taken 3 | 1 1 1 . Scrap Searched . | . . . . Spaces Dug . | . . . . Terrain Destroyed 1 | . . . 1 Melee . | . . . . Projectile 1 | . . . 1 AOE . | . . . . Terrain Rammed . | . . . . Walls Destroyed . | . . . . Machines Disabled . | . . . . Actions | -11 -10 -9 -8 --------- Run | Yrd Mat Mat Mat Total 1359 | 111 404 522 322 Wait 71 | 4 27 28 12 Move 1106 | 82 336 420 268 Hop . | . . . . Pick Up 21 | 6 9 4 2 Fast Attach 10 | 4 1 3 2 Attach 10 | 3 2 4 1 Detach . | . . . . Swap 13 | . 2 7 4 Drop 18 | . 3 12 3 Fire 110 | 12 24 44 30 Melee . | . . . . Ram . | . . . . Kick . | . . . . Crush . | . . . . Escape Stasis . | . . . . Rewire . | . . . . Trap . | . . . . Miscellaneous . | . . . . Route ------- -11/Scrapyard -10/Materials (discovered 3 exits: *Mat / *Min x2) -9/Materials -8/Materials History --------- Turn | Location | Event 11 | -11/Scrapyard | Discovered new exit (range 16) 144 | -11/Scrapyard | Entered Materials 204 | -10/Materials | Identified exit to Mines 313 | -10/Materials | Build established: Mutant 641 | -10/Materials | Discovered new exit (range 14) 663 | -10/Materials | Entered another Materials area 663 | -9/Materials | Evolved 2 slots: Utility x2 1040 | -9/Materials | Build established: Scavenger-Mutant 1526 | -9/Materials | Discovered new exit (range 11) 1589 | -9/Materials | Entered another Materials area 1589 | -8/Materials | Evolved 2 slots: Propulsion x2 2166 | -8/Materials | Self-destructed Last Messages --------------- 02118_ U-05 Engineer lays Concrete. 02119_ Acquired 10 matter. 02119_ U-05 Engineer lays Concrete. 02131_ Material Processor disabled. 02139_ Terrain Scanner destroyed. 02142_ Y-45 Defender destroyed. 02143_ System corrupted: Matter fused (-8). 02145_ K-01 Serf collects debris. 02146_ Acquired 23 matter. 02148_ G-47 Trooper knocked back. 02149_ Acquired 4 matter. 02149_ M-28 Smith repairs G-47 Trooper Particle Gun. 02150_ K-01 Serf collects debris. 02152_ Acquired 4 matter. 02154_ Destroyed Particle Gun. 02154_ G-47 Trooper destroyed. 02154_ K-01 Serf collects debris. 02155_ Acquired 4 matter. 02159_ K-01 Serf collects debris. 02166_ M-28 Smith fits Backup Laser III on G-47 Trooper. Map ----- +----------------------------------------------------+ | #### #################### # """ # # # | | #??# # T *# ## # # # # | | ##?# # # """ ## # [ # # # | | #### + """ # """ ###+####+#########+## ## | | #### # """ # """ + #? | | #??# # """ # # ## | | ?#?# # """ # "" # ############## ####### | | ?### # """ # """ # ############## ####### | | #### # # S" # ### ## #####?# | | # # # # #?# """ """ ## #?#?##? | | # ################### #?# """ """ ## #####?# | | # #??#?#### + ### """ """ # #####? | | !%/% #??###### # ### """ """ + ##??## | | %#% ######?## # ### """ """ # T ####?# | | # #####?### # ### #= #####? | | # #####?############# ### ########??# | | # ####??###########?# ####+#########??#?##?#? | | # ####### ####### #### ########?####????# | | #### % #?#????#?# | | ?### % % ####?????? | | ?### * #??##?#??? | | ???########### ################### ##??????#?? | | ###?#####?##### ########?####?????##?#??? ?????? | | #?##?## # ###############?#???????"?? ???? | | #?#####? "" ?# #?#####]]!!!!###??##?????"?????? | | ???#?## ""S # ###???#@]!!!!#????#????????????? | | #??##?# "" # ####### #?????????????????? | | #??#?##? #! = ##### ##??? ?????????????? | | ?##?#???"?? #%%! ## ??????#?????????? | | ??? ? # ?"" + = + ????????????????? | | ?? ?? ? ??" ? #% ##???????????H?????? | | ?? ? ??? ? ? #%[ """ ##? ???????????????? | | ? ?????? ?? #= [ """"" #??????????????????? | | ??????# ? ? # % """"" #??????????????????? | | ???? ?#???#?#?# """" ##? ???????????????? | | ???????##????## * """ #?????????????????? | | ????????????##T *%! % ???????????? | | ??????#??##?### %% g ???????????? | | ?????? ?????###% ma ???????????? | | ????? ? %= % % "T" ###+##????????????? | | ???????? ####################??? ?????????????? | | ???????#?????#?#?????#?????????? ????????????????? | | ?????????? #?#??#?#?????????????????????????????? | | ??????????????????##???? ? ???????"??????????????? | | ?????????????#?????#????????"????????????????????? | | ????????????#??#?#???????????????????????????????? | | ??????????????????##?????????????????????????????? | | ??????????????????????#?????? ???????????????????? | | ??????????????#??????????????????????????????????? | | ?????????????????????????????????????????????????? | +----------------------------------------------------+ Best States ------------- Heat Dissipation 41 Energy Generation 14 Energy Capacity 265 Matter Stores 300 Matter Capacity 300 Sight Range 16 Terrain Scan Range 14 Terrain Scan Density 85 Armor Coverage 150 Evasion (%) 55 Item Schematics ----------------- None Robot Schematics ------------------ None Fabricated ------------ Nothing Repaired ---------- Nothing Alien Tech Used ----------------- None Achievements -------------- None Challenges ------------ None Game ------ Seed ThermalHardenedBoomstick Manual? 0 Play Time 00:44:48 Cumulative 226.5 hours Start 2025.07.13 @ 20:55:29 End 2025.07.15 @ 23:01:43 Sessions 3 Manual Loads 0 Difficulty Rogue Special Mode None Game No. 397 Rogue 397 Adventurer 0 Explorer 0 Win Type - Total 1 Types 1/0/0/0/0/0/0/0/0/0 Lore% 29 Gallery% 47 Achievement% 39 Wizard Run 0 Options --------- Layout 1 ASCII 0 Keyboard 1 Movement Vi Keybinds 0 Fullscreen 0 Font 20/Smallcaps Map View 59x39 Zoom Use 2% Tactical HUD 1 Map Filters NONE Filters NONE Steam 1 RUN: aba59aeb-044b-4692-a943-dead4456e4b0